[Event "17th Delhi GM Open 2019-B"]
[Site "Delhi"]
[Date "2019.01.10"]
[Round "4"]
[White "Koustav Chakraborty"]
[Black "Haribabu Sharma"]
[Result "1-0"]
[ECO "B23"]
[WhiteElo "1898"]
[BlackElo "1707"]
[Annotator "NA"]
[PlyCount "151"]
[EventDate "2019.01.09"]
[EventType "swiss"]
[EventCountry "IND"]
[SourceTitle "playchess.com"]
[Source "ChessBase"]
[SourceQuality "1"]
[TimeControl "3600+30"]

1. e4 c5 2. Nc3 Nc6 3. f4 e6 4. Nf3 Be7 5. d4 {[%emt 0:00:00] B23: Closed Sicilian: Lines without g3} (5. Bb5 Qc7 6. O-O Nh6 7. Bxc6 bxc6 8. d3 O-O 9. Qe2 f6 10. b3 e5 11. f5 Nf7 12. g4 d5 13. exd5 {½-½ (31) Walter,S (2263)-Reza,W (2277) Szklarska Poreba 2017}) 5... cxd4 6. Nxd4 a6 7. Be3 Qc7 8. Be2 Bh4+ $146 ({Predecessor:} 8... d6 9. O-O Nf6 10. Kh1 O-O 11. Bf3 Bd7 12. Qe2 Nxd4 13. Bxd4 e5 14. Be3 Rac8 15. f5 d5 16. exd5 Bb4 17. g4 Bxc3 18. bxc3 Bb5 19. Qf2 Bxf1 20. Rxf1 {0-1 (37) Jelecevic,I (2167)-Kejzar,P (2009) Zadar 2016}) 9. g3 Be7 10. Qd2 b5 11. Nb3 Bb4 (11... Rb8 $11 {remains equal.}) 12. a3 Be7 13. Rd1 Bb7 14. Nc5 Bc8 {[%emt 0:00:00] [#]} (14... d6 $14 15. Nxb7 Qxb7) 15. e5 $1 Nxe5 16. fxe5 Bxc5 17. Bxc5 Qxc5 {[%emt 0:00:00] [#]} 18. Qg5 (18. Ne4 $1 $18 {[%cal Re4c5] and the rest is easy.} Qxe5 {[%mdl 64] Double Attack} 19. Nd6+ Kf8 20. Qa5) 18... Bb7 19. Rf1 g6 20. Bf3 $2 (20. Rxf7 $16 Bc6 21. Rf4) 20... d5 21. Qf4 ({Only move:} 21. Ne2 $1 $15) 21... Ne7 22. Bg4 Nf5 (22... O-O $17 23. Rd2 h5) 23. Bxf5 gxf5 24. g4 O-O-O 25. gxf5 d4 26. Ne4 Bxe4 27. Qxe4 Qd5 28. Rf4 Qxe4+ 29. Rxe4 exf5 30. Rexd4 Rxd4 31. Rxd4 Re8 32. Rh4 Rxe5+ 33. Kd2 Kd7 34. Rxh7 Ke7 35. Rh6 f4 36. Rh4 Re4 37. Rg4 Kf6 38. h4 Kf5 39. Rg5+ Kf6 40. Rg4 Ke5 41. h5 f5 42. Rg1 f3 43. Rh1 Kf4 44. h6 Rd4+ 45. Ke1 Kg3 46. Rg1+ Kh2 $2 (46... Kf4 $11 {and Black has nothing to worry.} 47. Rg8 Rd7 {[%mdl 64] Decoy}) 47. Rg5 Rh4 48. Kf2 Rxh6 49. Rxf5 Kh3 50. Kxf3 Kh4 51. Kf4 Rc6 52. c3 Rc4+ 53. Ke5 Kg4 54. Rf6 Ra4 55. Kd5 Kg5 56. Rf2 Rc4 57. Rf8 Rh4 58. Ra8 Rh2 59. b4 Rh6 60. Rc8 Kf5 61. Rc6 Rh3 62. Kd4 Rh4+ 63. Kc5 Ke5 64. Kb6 Rc4 65. Rxc4 bxc4 66. Kxa6 Ke4 67. b5 Kd3 68. b6 Kxc3 69. b7 Kc2 70. b8=Q c3 71. a4 Kc1 72. a5 c2 73. Qf4+ Kb1 74. Kb7 c1=Q 75. Qxc1+ Kxc1 76. a6 1-0

[Event "17th Delhi GM Open 2019-B"]
[Site "Delhi"]
[Date "2019.01.10"]
[Round "4"]
[White "Dhanush Ragav N S"]
[Black "Aaditya Dhingra"]
[Result "1-0"]
[ECO "D66"]
[WhiteElo "1854"]
[BlackElo "1706"]
[Annotator "NA"]
[PlyCount "119"]
[EventDate "2019.01.09"]
[EventType "swiss"]
[EventCountry "IND"]
[SourceTitle "playchess.com"]
[Source "ChessBase"]
[SourceQuality "1"]
[TimeControl "3600+30"]

1. d4 d5 2. c4 e6 3. Nc3 Nf6 4. Bg5 Be7 5. e3 Nbd7 6. Nf3 h6 7. Bh4 O-O 8. Rc1 c6 9. Bd3 b6 10. O-O Bb7 11. Qe2 c5 12. Rfd1 {[%emt 0:00:00] D66: Queen's Gambit Declined: Classical: Main Line (7 Rc1 c6 8 Bd3)} (12. cxd5 Nxd5 13. Bxe7 Qxe7 14. Nxd5 Bxd5 15. dxc5 Nxc5 16. Bc4 {½-½ (16) Franco Ocampos,Z (2505)-Mirzoev,A (2510) Elgoibar 2011}) 12... Ne4 13. Bxe7 Qxe7 14. cxd5 exd5 {[%emt 0:00:00] LiveBook: 3 Games} 15. dxc5 Nxc3 $146 ({Predecessor:} 15... Ndxc5 16. Bb1 Rfd8 17. Nd4 Rac8 18. Ncb5 Ba6 19. Qe1 Qd7 {0-1 (19) Hendrich,T (1826)-Cofer,D (1765) ICCF email 2013}) 16. Rxc3 bxc5 17. Rdc1 c4 18. Bb1 a5 19. b3 Ba6 20. bxc4 dxc4 21. Nd4 Qf6 22. Qf3 Qxf3 23. gxf3 Nb6 24. Be4 Rac8 25. Nc6 Rc7 26. Nxa5 Rc5 27. Ra3 Rfc8 28. Nb7 Rg5+ 29. Kf1 Ra8 {[%emt 0:00:47] [#]} (29... Bxb7 $16 30. Bxb7 Rc7) 30. Nc5 (30. h4 $1 $18 {[%cal Rh4g5] and the rest is easy.} Rh5 31. Nd6) 30... Rxc5 31. Bxa8 Bb5 32. Ra5 c3+ 33. Rxb5 Rxb5 34. Rxc3 Ra5 35. Be4 Rxa2 36. Rc6 Rb2 37. f4 Kf8 38. Rc7 Rb4 39. Bf3 g6 40. Kg2 Kg7 41. Rb7 Kf6 42. Bc6 g5 43. fxg5+ hxg5 44. Be8 Nd5 45. Rxf7+ Ke6 46. Ra7 Ke5 47. Ra5 Kd6 48. Bf7 Nf6 49. Rxg5 Rb2 50. Kf3 Rxf2+ 51. Kxf2 Ne4+ 52. Kg2 Nxg5 53. Bg6 Ke5 54. h4 Ne6 55. Kf3 Kf6 {[%emt 0:01:02] [#]} 56. Bc2 $1 Nc5 57. Kg4 Nd7 58. Kf4 Nf8 (58... Nb6 $18 59. e4 Nd7) 59. Bf5 Kg7 60. Kg5 1-0

[Event "17th Delhi GM Open 2019-B"]
[Site "Delhi"]
[Date "2019.01.10"]
[Round "4"]
[White "Deshpande Abhishek"]
[Black "Elangbam Shashikanta Singh"]
[Result "0-1"]
[ECO "B07"]
[WhiteElo "1845"]
[BlackElo "1702"]
[Annotator "NA RC"]
[PlyCount "60"]
[EventDate "2019.01.09"]
[EventType "swiss"]
[EventCountry "IND"]
[SourceTitle "playchess.com"]
[Source "ChessBase"]
[SourceQuality "1"]
[TimeControl "3600+30"]

1. e4 d6 2. d4 Nd7 3. Nc3 e5 4. d5 Ngf6 5. Be3 Be7 {[%emt 0:00:00] B07: Pirc Defence: Miscellaneous Systems} 6. f3 {[%emt 0:00:00] LiveBook: 4 Games} c5 (6... O-O 7. Qd2 c6 8. a4 a5 9. Bc4 Nb6 10. Bb3 cxd5 11. exd5 Nfd7 12. Nb5 Nc5 13. Ne2 {1-0 (56) Areshchenko,A (2625)-Nesterets,A (2337) Rivne 2005}) 7. Qd2 a6 8. a4 O-O 9. a5 $146 ({Predecessor:} 9. Nh3 b6 10. Be2 Re8 11. O-O Qc7 12. Nf2 {1-0 (31) Walton,A (1931)-Ventimiglia,C (1905) IECG email 2003}) 9... b5 10. axb6 Nxb6 11. Na4 Bd7 12. Nxb6 Qxb6 13. b3 Bb5 14. Ne2 Nh5 15. Nc3 Nf4 16. g3 Ng6 17. Bd3 Bd7 18. Na4 Qd8 19. Nb2 f5 20. Rxa6 (20. exf5 $14 Bxf5 21. O-O) 20... Rxa6 21. Bxa6 f4 22. Bf2 fxg3 23. hxg3 Bg5 (23... Rxf3 $11 {keeps the balance.} 24. Be2 Bg5) 24. Qc3 Qa8 25. Be2 $16 Qa1+ 26. Nd1 Qc1 27. Kf1 Qa3 28. Kg2 Qa8 29. Ne3 Qd8 30. Nc4 Qf6 0-1

[Event "17th Delhi GM Open 2019-B"]
[Site "Delhi"]
[Date "2019.01.10"]
[Round "4"]
[White "Anwar N K"]
[Black "Doshi Khush"]
[Result "1-0"]
[ECO "B52"]
[WhiteElo "1817"]
[BlackElo "1701"]
[Annotator "NA RC"]
[PlyCount "63"]
[EventDate "2019.01.09"]
[EventType "swiss"]
[EventCountry "IND"]
[SourceTitle "playchess.com"]
[Source "ChessBase"]
[SourceQuality "1"]
[TimeControl "3600+30"]

1. e4 c5 2. Nf3 d6 3. Bb5+ Bd7 4. Bxd7+ Nxd7 5. c4 Ngf6 6. Nc3 e6 7. O-O Be7 8. d4 cxd4 9. Nxd4 O-O 10. b3 {[%emt 0:00:00] B52: Sicilian: Moscow Variation with 3...Bd7} a6 11. Bb2 Rc8 {[%emt 0:00:00] LiveBook: 4 Games} 12. Rc1 Re8 13. Re1 {[%emt 0:00:00] [#]} Qb6 $146 ({Predecessor:} 13... Bf8 14. h3 Nc5 15. Rc2 Qc7 16. Rce2 Qb8 17. Re3 g6 {½-½ (93) Short,N (2360)-Timman,J (2600) London 1980}) 14. Qd2 Ne5 15. h3 Nc6 16. Rcd1 Nd7 17. Nxc6 bxc6 18. Na4 Qc7 19. Ba3 c5 20. Bb2 Rcd8 21. Bc3 Qb7 22. Ba5 Rc8 23. f4 Nb8 24. Qf2 Nc6 25. Bc3 Rcd8 $16 26. Rd3 Bf8 27. Red1 Nb4 28. R3d2 Rc8 29. e5 dxe5 30. Bxe5 Qc6 31. a3 f6 32. Ba1 1-0

[Event "17th Delhi GM Open 2019-B"]
[Site "Delhi"]
[Date "2019.01.10"]
[Round "4"]
[White "Himanshu S Chhabra"]
[Black "Dhanasekar, K.."]
[Result "0-1"]
[ECO "D02"]
[WhiteElo "1809"]
[BlackElo "1694"]
[Annotator "NA RC"]
[PlyCount "45"]
[EventDate "2019.01.09"]
[EventType "swiss"]
[EventCountry "IND"]
[SourceTitle "playchess.com"]
[Source "ChessBase"]
[SourceQuality "1"]
[TimeControl "3600+30"]

1. d4 d5 2. Bf4 Nf6 3. e3 c5 4. c3 Nc6 5. Nd2 e6 6. Ngf3 cxd4 7. exd4 Nh5 8. Be3 Bd6 9. Ne5 g6 10. Nd3 $11 {[%emt 0:00:00] LiveBook: 18 Games} O-O 11. Be2 Ng7 12. Bf4 f6 13. Bxd6 Qxd6 14. O-O e5 15. dxe5 fxe5 16. a3 Be6 17. Nb4 Rad8 18. Qa4 Nf5 19. Rad1 Qc7 20. Nf3 h6 21. Nxc6 bxc6 22. Qg4 Qg7 23. Rfe1 0-1

[Event "17th Delhi GM Open 2019-B"]
[Site "Delhi"]
[Date "2019.01.10"]
[Round "4"]
[White "Suresh Duvvala"]
[Black "Nayak, Sanjeeban"]
[Result "1/2-1/2"]
[ECO "B07"]
[WhiteElo "1688"]
[BlackElo "1844"]
[Annotator "NA RC"]
[PlyCount "129"]
[EventDate "2019.01.09"]
[EventType "swiss"]
[EventCountry "IND"]
[SourceTitle "playchess.com"]
[Source "ChessBase"]
[SourceQuality "1"]
[TimeControl "3600+30"]

1. e4 d6 2. Nf3 Nf6 3. c3 c6 4. e5 dxe5 5. Nxe5 Nbd7 6. Nf3 e6 7. d4 Be7 8. Bd3 c5 9. O-O b6 10. Re1 O-O 11. a3 Bb7 12. Bf4 Re8 13. Nbd2 Qc8 14. Qe2 Nf8 15. Ne5 Ng6 16. Bg3 Rd8 17. Rac1 Bd6 18. Bxg6 hxg6 19. Bh4 Re8 ({But not} 19... Bxe5 $2 20. dxe5 Ba6 21. Nc4 $18) 20. b4 Qc7 21. Bg3 Nh5 22. Ndc4 Rad8 23. Nxd6 Qxd6 24. bxc5 bxc5 25. dxc5 Qxc5 26. Qc4 Rc8 27. Qb4 Qd5 28. f3 a5 29. Qb2 Nxg3 30. hxg3 Qc5+ 31. Kh2 Ba6 32. c4 Red8 33. Re4 Rd6 34. Rf4 f6 35. Nxg6 Rb6 36. Qd4 Qxd4 37. Rxd4 Kf7 38. Nf4 Rc7 39. c5 Rbc6 40. Ra4 (40. Rd2 $11) 40... Rxc5 41. Rxc5 Rxc5 42. Rd4 e5 43. Rd7+ (43. Rd5 $142 Rb5 44. Rxb5 Bxb5 45. Nd5) 43... Ke8 44. Ra7 (44. Rd5 {was the only chance.} Rxd5 45. Nxd5) 44... Bf1 $2 (44... exf4 $19 45. Rxa6 Rh5+ 46. Kg1 fxg3) 45. Ne6 Rc2 $1 46. Nxg7+ Kf8 47. Ne6+ Kg8 48. Kh3 (48. Rxa5 $2 Rxg2+ 49. Kh1 (49. Kh3 $2 Kf7 $19) 49... Kf7 $17) 48... Bxg2+ 49. Kg4 Rc6 50. Re7 e4 51. fxe4 Bxe4 52. Nd4 f5+ $1 53. Kf4 Rg6 54. Ra7 Rg4+ 55. Ke5 Rxg3 56. Rxa5 Kf7 57. Nxf5 Bxf5 58. Kxf5 Ke7 59. Ra6 Kd7 60. Ke5 Kc7 61. Kd5 Kb7 62. Ra4 Rg5+ 63. Kd6 Rg6+ 64. Ke5 Kb6 65. Ra8 $11 1/2-1/2

[Event "17th Delhi GM Open 2019-B"]
[Site "Delhi"]
[Date "2019.01.10"]
[Round "4"]
[White "Sunil, Garg"]
[Black "Dupit Tabu"]
[Result "0-1"]
[ECO "B80"]
[WhiteElo "1686"]
[BlackElo "1821"]
[Annotator "NA"]
[PlyCount "88"]
[EventDate "2019.01.09"]
[EventType "swiss"]
[EventCountry "IND"]
[SourceTitle "playchess.com"]
[Source "ChessBase"]
[SourceQuality "1"]
[TimeControl "3600+30"]

1. e4 c5 2. Nf3 d6 3. d4 cxd4 4. Nxd4 Nf6 5. Nc3 a6 6. f3 e6 7. Be3 Qc7 8. Qd2 Bd7 {[%emt 0:00:00] B80: Sicilian Scheveningen: 6 g3 and 6 Be3, including English Attack} (8... h5 9. Be2 Nbd7 10. a4 b6 11. O-O Be7 12. Rfd1 O-O 13. Kh1 Bb7 14. Bg5 Rfe8 15. Qe1 Rac8 16. Qf1 {½-½ (109) Firouzja,A (2572)-Grandelius,N (2652) Sharjah 2018}) 9. O-O-O b5 10. Kb1 Nc6 11. Bd3 $146 ({Predecessor:} 11. g4 h6 12. Bd3 Ne5 13. Rhe1 Nc4 14. Bxc4 Qxc4 15. h4 b4 16. Nce2 a5 {1-0 (37) Kozionov,K (2440)-Antonov,A (2168) Moscow 2017}) 11... Ne5 12. Bxb5 axb5 13. Ndxb5 Bxb5 14. Nxb5 Qa5 15. Qxa5 Rxa5 16. Nxd6+ Bxd6 17. Rxd6 Nc4 18. Rd3 Nxe3 19. Rxe3 Ke7 20. Rd1 Rha8 21. a3 R5a7 22. Red3 $17 Nd7 23. Ka2 Rc8 24. R1d2 Rac7 25. Kb1 Ne5 26. Rb3 g5 27. Rb5 f6 28. b3 h5 29. a4 Nc6 30. Kb2 e5 31. c3 Nd8 32. Rd3 Ne6 33. g3 g4 34. fxg4 hxg4 35. b4 Ng5 36. Re3 Rc4 37. a5 Nxe4 38. a6 Nd6 39. Rb6 R4c6 40. Rxc6 Rxc6 41. Kb3 Rxa6 42. c4 Ra3+ 43. Kxa3 Nxc4+ 44. Ka4 Nxe3 0-1

[Event "17th Delhi GM Open 2019-B"]
[Site "Delhi"]
[Date "2019.01.10"]
[Round "4"]
[White "Aashman Gupta"]
[Black "Sharsha Backer"]
[Result "0-1"]
[ECO "B21"]
[WhiteElo "1678"]
[BlackElo "1812"]
[Annotator "NA"]
[PlyCount "96"]
[EventDate "2019.01.09"]
[EventType "swiss"]
[EventCountry "IND"]
[SourceTitle "playchess.com"]
[Source "ChessBase"]
[SourceQuality "1"]
[TimeControl "3600+30"]

1. e4 c5 2. d4 cxd4 3. c3 d3 4. Bxd3 Nc6 5. Nf3 d6 6. h3 Nf6 7. O-O g6 {[%emt 0:00:00] LiveBook: 4 Games B21: Sicilian: 2 f4 and Morra Gambit} 8. Be3 (8. Qe2 Bg7 9. Rd1 Nd7 10. Be3 O-O 11. Nbd2 b6 12. Nd4 Nce5 13. Ba6 Nc5 14. Bxc8 Qxc8 15. N4f3 Nxf3+ 16. Qxf3 {½-½ (37) Petrov,N (2490)-Bernadskiy,V (2549) Riga 2016}) 8... Bg7 9. Nbd2 O-O 10. Nd4 e5 11. Nxc6 bxc6 12. c4 $146 ({Predecessor:} 12. Kh1 Qc7 13. f4 Nh5 14. Qf3 Nxf4 15. Bxf4 exf4 16. Qxf4 Be6 17. Nf3 Rac8 18. Ng5 Qe7 19. Nxe6 Qxe6 20. Bc2 Qe5 21. Qxe5 {½-½ (21) Ross,M (1796)-Kluger,N (2198) Bad Woerishofen 2003}) 12... Nh5 13. Rc1 Be6 14. Nb3 (14. Re1 $11) 14... Nf4 15. Bxf4 exf4 16. Qe2 Qg5 17. Kh1 Rab8 18. f3 a5 19. Rc2 Qe5 20. Rf2 Rb4 21. Nc1 Rfb8 22. b3 a4 23. Qd2 axb3 24. axb3 Qg5 25. Bf1 Be5 26. Ra2 c5 27. Ra6 Qg3 28. Ra2 Bd4 29. Re2 Bxh3 30. Qe1 Qg5 31. Rad2 Be6 32. Rxd4 cxd4 33. Rd2 Qf6 34. Qf2 Ra8 35. Ra2 Rbb8 36. Bd3 Rxa2 37. Nxa2 Rxb3 38. Nc1 Rc3 39. Qf1 Qd8 40. Na2 Ra3 41. Nb4 Qa5 42. Nc2 Ra2 43. Kh2 {[%emt 0:00:02] [#]} Bxc4 $1 44. Nxd4 Bxd3 45. Qxd3 Qh5+ 46. Kg1 Ra1+ 47. Kf2 Qh4+ 48. Ke2 Qe1# 0-1